AoeStats
← Ludi

Nomad

505719280Analyzed
3v3 RM · 22d ago on Sep 10, 2026· 35m 3s· 6 players
Game mode
Random Map
Map size
210×210
Population
200
Speed
Normal
Resources
Standard
Victory
Conquest
Starting age
Dark Age
Ending age
Imperial Age
RankedLock teamsTeams togetherTeam positionsShared explorationLock speedFull tech treeHidden civsTurbo modeCheats
Victory
Defeat
🇬🇧 Persians · United Kingdom
918
+16
🇨🇦 Sicilians · Canada
893
+17
🇬🇧 Turks · United Kingdom
877
+18
🇩🇰 Khmer · Denmark
939
-18
🇩🇰 Cumans · Denmark
921
-17
🇩🇰 Italians · Denmark
890
-16
djd1993
13:48 Feudal Age
15:13 Double-Bit Axe
21:33 Castle Age
20:27 Bloodlines
21:01 Scale Barding Armor
21:34 Forging
24:01 Chain Barding Armor
24:19 Iron Casting
31:15 Horse Collar
35:37 Imperial Age
34:14 Gold Mining
35:05 Bow Saw
LucaMillz
5:29 Loom
17:40 Feudal Age
26:39 Castle Age
Clockwise Haggis
4:43 Loom
14:48 Feudal Age
15:41 Double-Bit Axe
19:38 Castle Age
18:32 Horse Collar
24:14 Murder Holes
28:33 Squires
29:45 Pikeman
32:03 Light Cavalry
35:40 Wheelbarrow
34:50 Town Watch
Ludi
8:03 Loom
12:29 Feudal Age
20:33 Padded Archer Armor
20:23 Fletching
25:21 Castle Age
25:44 Scale Barding Armor
25:50 Forging
25:52 Double-Bit Axe
28:12 Bloodlines
30:14 Iron Casting
30:51 Chain Barding Armor
john f kennedy
17:57 Feudal Age
25:56 Castle Age
26:25 Crossbowman
28:07 Thumb Ring
28:46 Horse Collar
29:39 Fletching
32:21 Pikeman
Krogx
3:45 Loom
14:53 Feudal Age
16:07 Double-Bit Axe
16:10 Fishing Lines
19:14 Wheelbarrow
19:05 Stone Mining
19:52 Gold Mining
28:01 Horse Collar
35:07 Castle Age
Connection lost

Rejoining the realm…

Still unreachable

The connection could not be restored.

Session expired

The server has moved on; the page needs a fresh start.